Map: Efflorescence LE

Players

iMoCKinGBirD

  • Race: Protoss Protoss
  • League: Platinum
  • Spawn Location: 6:00

TheKiller

  • Race: Terran Terran
  • League: Platinum
  • Spawn Location: 9:00

qqq - Winner!

  • Race: Protoss Protoss
  • Spawn Location: 3:00

Massa - Winner!

  • Race: Terran Terran
  • Spawn Location: 12:00

VOD

Have the link to the VOD?

Description

Time

  • Played on: June 10, 2020, 7:32 a.m.
  • Length: 4:38
Show
View Real Time Build Order
Export as new Build Order

iMoCKinGBirD Protoss 

Build Orders:  

Get SALT Encoding   

  12  0:01  Probe  
  13  0:13  Probe  
  14  0:24  Pylon  
  14  0:31  Probe  
  15  0:43  Probe  
  15  0:45  Gateway  
  16  0:51  Probe  
  17  0:58  Assimilator  
  17  1:01  Probe  
  18  1:13  Probe  
  19  1:25  Probe  
  20  2:07  Probe  
  20  2:24  Cybernetics Core  
  20  2:32  Probe  
  21  2:42  Pylon  
  22  2:44  Probe  
  22  2:49  Gateway  
  22  2:56  Probe  
  19  3:52  Probe  
  6  4:04  Probe  
  5  4:14  Probe  
  6  4:22  Probe  
Show
View Real Time Build Order
Export as new Build Order

TheKiller Terran 

Build Orders:  

Get SALT Encoding   

  12  0:01  SCV  
  13  0:13  SCV  
  14  0:21  Supply Depot  
  14  0:25  SCV  
  15  0:43  SCV  
  15  0:44  Barracks  
  15  0:48  Refinery  
  16  0:55  SCV  
  17  0:58  Refinery  
  16  1:08  SCV  
  17  1:20  SCV  
  18  1:35  SCV  
  20  1:47  SCV  
  19  2:04  SCV  
  20  2:15  Barracks  
  20  2:16  SCV  
  21  2:24  Supply Depot  
  21  2:45  SCV  
  22  2:59  SCV  
  23  3:11  Marine  
  24  3:14  Orbital Command  
  24  3:22  Barracks  
  24  3:29  Marine  
  25  3:47  SCV, Factory, Marine  
  19  4:04  Marine  
  17  4:10  SCV  
  17  4:11  Marine  
Show
View Real Time Build Order
Export as new Build Order

qqq Protoss - Winner!

Build Orders:  

Get SALT Encoding   

  12  0:01  Probe  
  13  0:15  Pylon  
  13  0:18  Probe  
  14  0:30  Probe  
  15  0:47  Probe  
  14  1:39  Probe  
  9  1:51  Probe  
  10  2:03  Probe  
  11  2:15  Probe  
  12  2:24  Gateway  
  12  2:27  Probe  
  11  3:03  Zealot  
  11  3:09  Probe  
  14  3:21  Probe  
  15  3:29  Zealot  
  15  3:33  Probe  
  18  3:50  Cybernetics Core  
  18  3:56  Zealot  
  19  4:13  Probe  
Show
View Real Time Build Order
Export as new Build Order

Massa Terran - Winner!

Build Orders:  

Get SALT Encoding   

  12  0:10  Supply Depot  
  12  0:13  SCV  
  13  0:25  SCV  
  14  0:32  Barracks  
  14  0:37  SCV  
  15  0:49  SCV  
  16  1:01  SCV  
  17  1:11  Barracks  
  17  1:14  Barracks  
  17  1:20  Marine, Supply Depot  
  18  1:38  Marine  
  19  1:45  Barracks  
  19  1:56  Marine  
  19  1:58  Marine  
  21  2:02  Marine  
  22  2:09  Supply Depot  
  22  2:14  Marine  
  23  2:16  Marine  
  23  2:19  Marine  
  25  2:31  Orbital Command  
  25  2:32  Marine  
  25  2:34  Marine x2  
  28  2:37  Marine  
  29  2:49  Marine  
  30  2:52  Marine x2  
  30  2:55  Marine  
  30  2:56  Refinery  
  33  3:00  SCV  
  34  3:07  Marine  
  34  3:09  Marine  
  34  3:10  Marine  
  37  3:13  Marine  
  38  3:25  Marine  
  39  3:38  Supply Depot  
  39  3:54  Marine  
  39  3:55  Marine x2  
  39  3:56  Marine  
  34  4:12  Marine  
  34  4:13  Marine x2  
  34  4:14  Marine  
Tags
 
Add a new tag
Caveats
  • Supply blocks, unpowered buildings, or Contaminate may cause inaccurate times.
  • Supply counts are checked every 10 seconds.